 Dungeon Crawl Stone Soup version 0.32-a0-779-g362cfca (webtiles) character file.

Game seed: 4756632159172350137

100 Anonymous1 the Chopper (level 4, 0/40 HPs)
             Began as a Mountain Dwarf Fighter on Mar 19, 2024.
             Slain by Natasha (4 damage)
             ... on level 2 of the Dungeon.
             The game lasted 00:02:24 (1516 turns).

Anonymous1 the Chopper (Mountain Dwarf Fighter)     Turns: 1516, Time: 00:02:24

Health: 0/40       AC:  8    Str: 21    XL:     4   Next: 47%
Magic:  4/4        EV:  8    Int: 14    God:
Gold:   105        SH:  4    Dex:  9    Spells: 3/3 levels left

rFire   . . .        a - +0 war axe
rCold   . . .        c - +0 buckler
rNeg    . . .        b - +0 scale mail
rPois   .            (no helmet)
rElec   .            (no cloak)
rCorr   .            (no gloves)
SInv    .            h - +0 pair of boots
Will    +....        (no amulet) Stlth
                     e - +6 ring of intelligence
HPRegen 0.26/turn    m - ring of willpower
MPRegen 0.09/turn

%: no passive effects
@: no status effects
A: runic magic, artefact enchanting
a: no special abilities


You were on level 2 of the Dungeon.
You visited 1 branch of the dungeon, and saw 2 of its levels.

You collected 105 gold pieces.

Inventory:

Hand Weapons
 a - a +0 war axe (weapon)
Missiles
 l - 6 poisoned darts (quivered)
Armour
 b - a +0 scale mail (worn)
 c - a +0 buckler (worn)
 h - a +0 pair of boots (worn)
Jewellery
 e - a +6 ring of intelligence (left hand)
 m - a ring of willpower (right hand)
Wands
 n - a wand of polymorph (7)
Scrolls
 j - 3 scrolls of teleportation
 o - a scroll of identify {unknown}
Potions
 d - a potion of might
 f - 3 potions of curing {unknown}
 g - 2 potions of degeneration {unknown}
 i - a potion of attraction {unknown}
 k - 2 potions of haste {unknown}


   Skills:
 + Level 3.7 Fighting
 * Level 4.3 Axes
 + Level 3.9 Armour
 + Level 3.8 Shields


You had 3 spell levels left.
You didn't know any spells.
Your spell library contained the following spells:

 Spells                   Type           Power      Damage    Failure   Level
 Iskenderun's Battlesphe  Conj           0%         2d6       100%        5
 Bombard                  Conj/Erth      0%         9d1       100%        6
 Spellforged Servitor     Conj/Summ      0%         N/A       100%        7


Dungeon Overview and Level Annotations

Branches:
Dungeon (2/15)

Altars:

Annotations:
D:2 Natasha


Innate Abilities, Weirdness & Mutations

Your spellcasting is much less encumbered by armour.
You can use scrolls of enchantment on lesser artefacts.


Message History

Natasha is heavily wounded.
You miss the cerulean imp. You block the cerulean imp's attack.
Natasha mumbles some strange words.
The cerulean imp hits you with a +0 spear.
You barely miss Natasha.
Natasha is heavily wounded.
You hit the cerulean imp.
You hit the cerulean imp but do no damage.
Natasha barely misses you.
The cerulean imp hits you but does no damage. x2
Natasha claws you.
* * * LOW HITPOINT WARNING * * *
You closely miss Natasha.
Natasha is heavily wounded.
You hit the cerulean imp. x2; You block the cerulean imp's attack.
The cerulean imp barely misses you. Natasha barely misses you.
You closely miss Natasha.
Natasha is heavily wounded.
You slash the cerulean imp!
You kill the cerulean imp!
The cerulean imp disappears in a puff of smoke!
You barely miss the cerulean imp.
The cerulean imp hits you with a +0 spear.
* * * LOW HITPOINT WARNING * * *
Natasha barely misses you.
The cerulean imp hits you with a +0 spear.
* * * LOW HITPOINT WARNING * * *
You hit Natasha but do no damage.
Natasha is heavily wounded.
You miss the cerulean imp. Natasha barely misses you.
The cerulean imp hits you but does no damage.
Natasha claws you.
* * * LOW HITPOINT WARNING * * *
Unknown command.
You closely miss Natasha.
Natasha is heavily wounded.
You hit the cerulean imp. The cerulean imp closely misses you.
Natasha claws you.
You die...
Natasha begins licking her fur clean.

##...## #..###.......#.#
#.....# #...........)#.#
##.#.#.##
##.#...........#
##..#†#..###
#.#÷#÷##.######
...##.##...#####.....##.#
.###...###....#####.....#
##...#...####........####
.###...###....######.#
...##.##...####h@§.#.#
##..#.#..########5.#.#
.##.###.##...# #..#.#
.##..#..##.#.####..#.#
.###)#.##(...).....#.# .#
#(#.#.#.#.####.##.# .#
#...#.....# #.##.#
.####.######## #.##.#####
...##.#.# #.##.....#


You could see Natasha and a cerulean imp (summoned).

Vanquished Creatures
  Jessica (D:2)
  2 adders (D:2)
  A dart slug (D:2)
  6 ball pythons
  4 endoplasms
  5 giant cockroaches
  6 goblins
  3 hobgoblins
  3 kobolds
  3 quokkas
  7 bats
  5 frilled lizards
  7 rats
53 creatures vanquished.

Notes
Turn   | Place    | Note
-------+----------+-------------------------------------------
     0 | D:1      | Anonymous1 the Mountain Dwarf Fighter began the quest for
                  | the Orb.
     0 | D:1      | Reached XP level 1. HP: 19/19 MP: 1/1
    38 | D:1      | Reached XP level 2. HP: 16/26 MP: 2/2
   163 | D:1      | Reached skill level 3 in Axes
   430 | D:1      | Reached XP level 3. HP: 25/31 MP: 3/3
  1027 | D:2      | Reached XP level 4. HP: 29/40 MP: 4/4
  1113 | D:2      | Noticed Jessica
  1118 | D:2      | Killed Jessica
  1119 | D:2      | Reached skill level 4 in Axes
  1499 | D:2      | Noticed Natasha
  1516 | D:2      | Slain by Natasha

Illustrated notes

Levels and vault maps discovered:
D:1:      sevenhm_arrival_forest_fort_small_6, layout_basic
D:2:      minmay_general_purpose_star, layout_loops_ring, uniq_jessica,
          uniq_natasha

Skill      XL: |  1  2  3  4 |
---------------+-------------+-----
Axes           | 3 4 |  4.3
Fighting       | |  3.7
Armour         | |  3.9
Shields        | |  3.8

Action                     |  1- 3 |  4- 6 || total
---------------------------+-------+-------++-------
  Melee: War axe           |   142 |    40 ||   182
    Use: Scroll            |     3 |       ||     3
 Armour: Scale mail        |   169 |    33 ||   202
  Dodge: Dodged            |    82 |    27 ||   109
  Block: Buckler           |    33 |     8 ||    41

Table legend: (Time is in decaauts)
 A = Elapsed time spent in this place.
 B = Non-inter-level travel time spent in this place.
 C = Inter-level travel time spent in this place.
 D = Time resting spent in this place.
 E = Time spent auto-exploring this place.
 F = Levels seen in this place.
 G = Mean time per level.
                   A        B        C        D        E       F      G
               +--------+--------+--------+--------+--------+-----+--------+
         Total |   1580 |   1565 |     15 |      0 |   1158 |   2 |  790.0 |
       Dungeon |   1580 |   1565 |     15 |      0 |   1158 |   2 |  790.0 |
               +--------+--------+--------+--------+--------+-----+--------+

Top non-repeatable levels by time:
     D:2: 921 daAuts
     D:1: 659 daAuts
